[Event "73rd Greek Championship 2024"]
[Site "Thessaloniki"]
[Date "2024.12.02"]
[Round "1.1"]
[White "Stamatiou, Rodolfos"]
[Black "Patrelakis, Evaggelos"]
[Result "1/2-1/2"]
[Annotator "TA"]
[ECO "E04"]
[WhiteElo "2308"]
[BlackElo "2437"]
[PlyCount "87"]
[EventDate "2024.12.02"]
[EventType "tourn"]
[EventCountry "GRE"]
[SourceTitle "playchess.com"]
[Source "ChessBase"]
[SourceQuality "1"]
[TimeControl "40/5400+30:1800+30"]

1. d4 Nf6 2. Nf3 d5 3. c4 e6 4. g3 dxc4 5. Bg2 a6 6. O-O Nc6 7. e3 Bd7 8. Nbd2 b5 9. Ne5 {[%emt 0:05:12] [#]} Nxe5 10. Bxa8 Qxa8 11. dxe5 {[%emt 0:00:07] White is weak on the light squares} Nd5 12. a4 Qb7 13. b3 (13. axb5 $11 axb5 14. Qh5) 13... Nc3 $17 14. Qe1 cxb3 (14... bxa4 15. bxc4 Bb4 16. f3 $11) 15. Nxb3 Nxa4 16. Qa5 Be7 17. e4 O-O $19 18. Rd1 c5 $36 {[%emt 0:00:36][%cal Oc5c4][%mdl 2048] Keeping White busy.} 19. Be3 (19. Rxa4 $142 bxa4 20. Nxc5) 19... c4 20. Nc1 Rc8 21. Ne2 Be8 22. f3 h6 23. Ra2 c3 24. Kg2 Qc6 25. Nd4 $2 (25. Bf2) 25... Qc4 26. Raa1 Nb2 27. Rf1 (27. Rdc1 $142) 27... Bc5 28. Qxa6 Rd8 29. Qa5 Rxd4 30. Bxd4 Qxd4 31. Qa8 Qd7 32. Qb8 Kf8 {[%emt 0:01:36] [#] ...c2 is the strong threat.} 33. Ra8 b4 34. f4 Nc4 35. Kh3 c2 36. Qc8 Qe7 (36... Qxc8 $19 37. Rxc8 b3 38. Rxc5 b2 39. Rxc4 b1=Q (39... b1=B $2 {perishes.} 40. Rc5 $18)) 37. Qc6 $11 {[%emt 0:00:16][%cal Oa8e8] Really sharp!} Nd2 38. Rfa1 {[%emt 0:00:43][%cal Oa8e8] Hoping for Rxe8+!} Nb3 39. Rxe8+ Qxe8 40. Ra8 {[%emt 0:00:00] The position is equal.} Qxa8 ({Weaker is} 40... c1=Q 41. Rxe8#) 41. Qxa8+ Ke7 42. Qb7+ Kd8 {[%emt 0:00:34] Threatens to win with ...g6.} 43. Qb8+ Kd7 {[%emt 0:00:02] Strongly threatening ...g6.} 44. Qb7+ {[%emt 0:00:51] Weighted Error Value: White=0.58/Black=0.38.  Missed win:     	---       	Black=1      Mistake:       	White=5     	---        Inaccurate:     	White=1     	Black=2      OK:         	White=12    	Black=8      Best:        	White=3     	Black=3} 1/2-1/2

[Event "73rd Greek Championship 2024"]
[Site "Thessaloniki"]
[Date "2024.12.02"]
[Round "1.2"]
[White "Mitsis, Georgios"]
[Black "Kalogridis, Antonios"]
[Result "1/2-1/2"]
[Annotator "TA"]
[ECO "D90"]
[WhiteElo "2383"]
[BlackElo "2333"]
[PlyCount "60"]
[EventDate "2024.12.02"]
[EventType "tourn"]
[EventCountry "GRE"]
[SourceTitle "playchess.com"]
[Source "ChessBase"]
[SourceQuality "1"]
[TimeControl "40/5400+30:1800+30"]

1. d4 Nf6 2. Nf3 g6 3. c4 Bg7 4. Nc3 d5 5. h4 dxc4 6. e4 {[%emt 0:00:21][%cal Oe4e5] [#]} c5 $1 7. d5 {[%emt 0:00:28] [#]} (7. Bxc4 cxd4) 7... b5 $1 {[%emt 0:00:06] Inhibits Qa4.} 8. h5 {[%emt 0:01:06] And now h6 would win.} Nxh5 9. Nxb5 (9. e5 O-O 10. Nxb5 Qa5+ 11. Nc3 Bg4 12. Bxc4 Bxe5 $17) 9... Qa5+ {[%emt 0:02:04] [#]} 10. Nc3 $1 {[%emt 0:00:11][%cal Oc1d2][%mdl 1024] White has compensation.} Nd7 (10... O-O 11. Bd2) 11. Bd2 (11. Bxc4 $2 Bxc3+ 12. Kf1 Ba6 $19) 11... Rb8 12. Rb1 (12. Bxc4 Rxb2 13. Rc1 O-O $11) 12... Ba6 13. Be2 Qc7 14. Qa4 Qc8 15. O-O O-O 16. Bxc4 Bxc4 17. Qxc4 Ne5 18. Qe2 f5 19. Nxe5 Bxe5 20. exf5 Rxf5 21. Ne4 Bd4 22. g4 (22. b4 $11) 22... Re5 (22... Rxd5 23. Qf3 $16 (23. gxh5 Qh3 $11)) (22... Nf4 $17 23. Qf3 Rf8) 23. Kg2 $11 (23. gxh5 Qh3 24. Rfe1 Rxh5 $19) 23... Nf6 24. Nxf6+ exf6 25. Qf3 g5 {[%emt 0:00:57] Repels Bf4} ({But not} 25... Bxb2 $6 26. d6 $16 (26. Qxf6 $2 {leads to mate.} Qxg4+ 27. Kh2 Rh5+) (26. Bf4 c4 $16)) (25... Rxb2 $2 26. Rxb2 Bxb2 27. Rb1 $18) 26. Rfe1 Qd7 27. Rxe5 Bxe5 28. b3 c4 29. Re1 cxb3 30. axb3 Rb5 1/2-1/2

[Event "73rd Greek Championship 2024"]
[Site "Thessaloniki"]
[Date "2024.12.02"]
[Round "1.3"]
[White "Kourkoulos-Arditis, Stamatis"]
[Black "Hadzimanolis, Antonios"]
[Result "1-0"]
[Annotator "TA"]
[ECO "B91"]
[WhiteElo "2575"]
[BlackElo "2159"]
[PlyCount "71"]
[EventDate "2024.12.02"]
[EventType "tourn"]
[EventCountry "GRE"]
[SourceTitle "playchess.com"]
[Source "ChessBase"]
[SourceQuality "1"]
[TimeControl "40/5400+30:1800+30"]

1. e4 c5 2. Nf3 d6 3. d4 cxd4 4. Nxd4 Nf6 5. Nc3 a6 6. g3 e5 7. Nb3 Be7 8. Bg2 Nbd7 9. a4 b6 10. O-O Bb7 11. Qe2 Rc8 12. Rd1 Qc7 13. Nd2 {[%emt 0:02:35][%cal Bb3d2,Bd2f1,Bf1e3][%mdl 32] White is slightly better.} O-O 14. Nf1 Nc5 15. Bg5 $1 Ne6 16. Bxf6 Bxf6 17. Ne3 Nd4 18. Qg4 Qd8 19. h4 g6 20. Rd3 Bg7 21. Qd1 f5 22. exf5 Bxg2 23. Nxg2 gxf5 24. Ne2 Nxc2 (24... Nxe2+ $11 {keeps the balance.} 25. Qxe2 f4) 25. Rxd6 $16 Qe7 26. Qd5+ Kh8 27. Rd1 Rc5 {[%emt 0:07:16] [#]} ({Black should play} 27... a5 $14) 28. Qb3 $1 b5 {[%emt 0:03:14] [#]} (28... Nd4 29. Nxd4 Qxd6 30. Ne6 $18) 29. R1d5 ({White should try} 29. Rd7 $1 $16 Qe8 30. Ra7) 29... Nd4 30. Nxd4 Rc1+ $1 31. Kh2 exd4 32. Qb4 (32. axb5 $2 Qe2 $19) (32. Qf3 $11) 32... Rc4 $2 {[%emt 0:02:24] This move loses the game for Black.} (32... Rc2 $15 {keeps the upper hand.} 33. Qe1 (33. axb5 $2 {too greedy.} Rxf2 $19) 33... Qxe1 34. Nxe1 Rxf2+ (34... Rxb2 35. Kg2 $14) 35. Kh3 f4 (35... bxa4 36. Nd3 $11) (35... Rxb2 36. h5 $11) 36. axb5 (36. Rxa6 $2 f3 $19) 36... axb5 37. gxf4 (37. Nd3 $2 Rf3 $19) 37... R2xf4) 33. Qd2 $36 {[%emt 0:00:29][%mdl 2048] White is on the roll.} Rxa4 $2 (33... Qe4) 34. Rd7 {[%emt 0:00:13] White is clearly winning.} Qe8 35. b3 Ra1 {[%emt 0:00:19] [#]} 36. Rxg7 $1 {[%emt 0:00:18][%mdl 512] Weighted Error Value: White=0.18 (very precise) /Black=0.48.  Loses game:     	---       	Black=1      Mistake:       	White=2     	Black=3      Inaccurate:     	White=3     	Black=2      OK:         	White=6     	Black=9      Best:        	White=3     	Black=2      Strong:       	White=2     	Black=1} 1-0

[Event "73rd Greek Championship 2024"]
[Site "Thessaloniki"]
[Date "2024.12.02"]
[Round "1.4"]
[White "Alexakis, Dimitris"]
[Black "Kolytas, Spiridon"]
[Result "1-0"]
[Annotator "TA"]
[ECO "B13"]
[WhiteElo "2520"]
[BlackElo "1946"]
[PlyCount "67"]
[EventDate "2024.12.02"]
[EventType "tourn"]
[EventCountry "GRE"]
[SourceTitle "playchess.com"]
[Source "ChessBase"]
[SourceQuality "1"]
[TimeControl "40/5400+30:1800+30"]

1. e4 c6 2. d4 d5 3. exd5 cxd5 4. Bd3 Nc6 5. c3 Nf6 6. h3 g6 7. Nf3 Bf5 8. O-O Bxd3 9. Qxd3 Bg7 10. Bf4 O-O {[%emt 0:00:18] The position is equal.} 11. Nbd2 e6 12. Rfe1 Re8 13. Re2 a5 14. a4 Qb6 15. Qb5 Nd7 16. Qxb6 Nxb6 17. Kf1 f6 18. Bc7 Nd7 19. Ra3 Rac8 20. Bh2 Kf7 21. Rb3 b6 22. Nb1 Bf8 23. Na3 Na7 24. Ne1 {[%emt 0:03:02] [#]} Rc4 $1 25. Nxc4 dxc4 26. Rb5 Nxb5 27. axb5 Rc8 28. Nc2 f5 29. Re1 Nf6 30. Ra1 Bh6 31. Ra4 {[%emt 0:04:24] Hoping for Ke2.} Bc1 {[%emt 0:02:18] [#]} (31... f4 $1 $11) 32. Na3 $1 $16 Bxb2 (32... Nd5 $142) 33. Nxc4 $18 ({Stronger than} 33. Rxc4 Rxc4 34. Nxc4 Bxc3 35. Nxb6 Bxd4 $15) 33... Bxc3 $2 (33... Rxc4 34. Rxc4 Nd5) 34. Nd6+ {[%emt 0:00:09] Weighted Error Value: White=0.06 (flawless) /Black=0.21 (precise) .  Mistake:       	---       	Black=3      Inaccurate:     	White=2     	Black=2      OK:         	White=8     	Black=9      Best:        	White=3     	---        Strong:       	White=1     	---} ({Less strong is} 34. Nxb6 Rd8 $16) 1-0

[Event "73rd Greek Championship 2024"]
[Site "Thessaloniki"]
[Date "2024.12.02"]
[Round "1.5"]
[White "Tsaknakis, Zisis"]
[Black "Alexiadis, Hristos"]
[Result "1-0"]
[Annotator "TA"]
[ECO "C60"]
[WhiteElo "2259"]
[BlackElo "2341"]
[PlyCount "101"]
[EventDate "2024.12.02"]
[EventType "tourn"]
[EventCountry "GRE"]
[SourceTitle "playchess.com"]
[Source "ChessBase"]
[SourceQuality "1"]
[TimeControl "40/5400+30:1800+30"]

1. e4 e5 2. Nf3 Nc6 3. Bb5 a6 4. Ba4 Nge7 5. O-O Ng6 6. d4 exd4 7. Nxd4 Nxd4 8. Qxd4 {[%emt 0:00:17] White is slightly better.} b5 9. Bb3 Bb7 {[%emt 0:02:21] [#] Inhibits Qd5. ...c5 is the strong threat.} 10. Qc3 Bd6 11. Qxg7 Qe7 12. Nc3 O-O-O $1 (12... Be5 $6 13. Qh6 $18) 13. Be3 (13. Bxf7 $2 Rdf8 (13... Bxe4 14. Nxe4 Qxe4 15. Bb3 $16) 14. Qd4 Qxf7 $19 (14... Rxf7 $2 15. Nd5 $19)) (13. Qxf7 Qe5 14. g3 (14. f4 $2 Qd4+ 15. Kh1 Rdf8 $19) 14... Rdf8 $19 (14... Bxe4 $2 15. Nxe4 Qxe4 16. Bh6 $18)) 13... b4 14. Nd5 Qxe4 15. Rad1 {[%emt 0:09:06] Active counter play!} (15. Qxf7 $2 Rdf8 16. Qg7 (16. f3 $2 Qh4 $19) 16... Bxd5 $19) (15. Qd4 {simplifies} Qxd4 16. Bxd4 Rhg8 17. g3) 15... Ne5 (15... Nh4 $11 16. f3 (16. Qxf7 $2 Qxg2#) 16... Qe8) 16. f3 $14 Qh4 (16... Qg6 $14 17. Qxg6 fxg6) 17. Bg5 (17. Qf6 $16 Qxf6 18. Nxf6) 17... Nxf3+ $11 18. Rxf3 Qxh2+ 19. Kf2 Bc5+ 20. Re3 $1 Rdg8 21. Qh6 Qe5 22. Bf4 (22. Ne7+ Kb8 23. Nxg8 Rxg8) 22... Qe4 {[%emt 0:01:32] [#]} (22... Qf5 $1 $11) 23. g3 $1 $16 Rg6 (23... Re8 24. Rdd3) 24. Qh3 (24. Qh5 $16) 24... Bxe3+ (24... Bxd5 $1 $11 {keeps the balance.} 25. Rxd5 Bxe3+ 26. Bxe3 Re8 27. Qxd7+ Kb8) 25. Nxe3 Qf3+ 26. Ke1 {[%emt 0:00:01] Really sharp!} Bc6 27. Kd2 $36 {[%emt 0:01:54][%cal Od2c1][%mdl 2048] aiming for Kc1! White has strong initiative.} Bb5 $2 (27... Re8 $16 28. Re1 (28. Qxh7 $2 Rxg3 29. Qxf7 Re4 $19) (28. Bxf7 $2 Rd6+ $19) 28... Rf6) 28. Qg2 (28. Bxf7 $6 Rd6+ 29. Kc1 (29. Bxd6 Qf2+ 30. Kc1 Qxe3+ 31. Kb1 cxd6 $15) 29... Rxd1+ 30. Nxd1 Be2 $16) (28. Qh2 $18 {[%cal Ob3d5] Threatens to win with Bd5!} Re8 29. Bd5 (29. Bxf7 $2 Rxe3 30. Kc1 Re2 $19)) 28... Qxg2+ 29. Nxg2 Re8 {[%emt 0:00:32] Wards off Ne3} (29... h5 $16 30. Bxf7 Rf6) 30. Ne3 $1 $18 (30. Bxf7 Re2+ 31. Kc1 Rxg2 $17) 30... Rf6 31. Rh1 c6 (31... h6 $142 32. Nd5 (32. Rxh6 Rxh6 33. Bxh6 Rh8 $16) 32... Re2+ 33. Kd1 Rf5) 32. a4 bxa3 33. c4 ({Inferior is} 33. Rxh7 axb2 34. Rh1 d5 $11) 33... axb2 34. Rb1 d5 35. cxb5 axb5 36. Rxb2 h5 37. Kd3 h4 38. Bg5 Rf3 39. gxh4 {[%emt 0:00:05] Bd1 would now be deadly.} f6 $2 (39... f5 {keeps fighting.}) 40. Bd1 fxg5 41. Bxf3 gxh4 42. Rh2 Kc7 43. Rxh4 Kb6 44. Nc2 Rf8 45. Bh1 Rf1 46. Bg2 Rd1+ 47. Ke2 Rc1 48. Kd2 Rg1 49. Ne1 Kc5 50. Ke2 {[%emt 0:00:14] Kf2 would kill now.} b4 51. Kf2 {[%emt 0:00:15] Weighted Error Value: White=0.19 (very precise) /Black=0.33.  Mistake:       	White=3     	Black=8      Inaccurate:     	White=1     	Black=1      OK:         	White=17    	Black=13     Best:        	White=5     	Black=2      Strong:       	White=3     	Black=1} 1-0

[Event "73rd Greek Championship 2024"]
[Site "Thessaloniki"]
[Date "2024.12.03"]
[Round "2.1"]
[White "Patrelakis, Evaggelos"]
[Black "Alexiadis, Hristos"]
[Result "1-0"]
[Annotator "TA"]
[ECO "C70"]
[WhiteElo "2437"]
[BlackElo "2341"]
[PlyCount "79"]
[EventDate "2024.12.02"]
[EventType "tourn"]
[EventCountry "GRE"]
[SourceTitle "playchess.com"]
[Source "ChessBase"]
[SourceQuality "1"]
[TimeControl "40/5400+30:1800+30"]

1. e4 e5 2. Nf3 Nc6 3. Bb5 a6 4. Ba4 Nge7 5. c3 Ng6 6. O-O d5 7. exd5 (7. d4 {simplifies} dxe4 8. Bxc6+ bxc6 9. Nxe5 Nxe5 10. dxe5 Qxd1 11. Rxd1 Bf5 12. Bf4) 7... Qxd5 8. Bb3 Qd3 9. Ng5 (9. Re1 $11) 9... Bc5 $2 (9... Be7 $15 {stays ahead.} 10. Bc2 (10. Bxf7+ Kf8 $11) (10. Nxf7 $2 Rf8 $19) 10... Qd6) 10. Bc2 (10. Nxf7 $6 Rf8 11. Bc2 Qd5 $11) (10. Bxf7+ $16 Ke7 11. b4) 10... Qd7 $11 11. d4 Be7 (11... exd4 $11 12. Re1+ Be7) 12. d5 Nd8 13. Re1 O-O 14. Qh5 Bxg5 15. Qxg5 f6 16. Qh5 Nf7 17. c4 b5 18. b3 c6 19. Nc3 Bb7 {[%emt 0:08:22] [#]} ({Black should play} 19... f5 $1 $14) 20. Ba3 $40 {[%emt 0:02:00][%mdl 128] White wants a kill.} (20. Re3 $1 $18 cxd5 21. Bf5 (21. Rh3 Nh6 $18)) 20... Rfd8 21. Rad1 (21. Bf5 $18 Qc7 22. Ne4) 21... b4 22. Bxb4 $18 Ng5 23. g3 {[%emt 0:10:59] Against Nf4} cxd5 24. Nxd5 Qe6 25. h4 Nh3+ {[%emt 0:01:16] [#]} (25... Rxd5 {keeps fighting.} 26. cxd5 Qh3) 26. Kh2 $1 (26. Kf1 Bxd5 27. Rxd5 (27. cxd5 Qb6 $14) 27... Rxd5 $16) 26... Bxd5 27. cxd5 ({Less strong is} 27. Rxd5 Rxd5 28. cxd5 Qb6 $18) 27... Qb6 28. Kxh3 (28. Bd2 $142) 28... Qxb4 29. Bxg6 hxg6 30. Qxg6 Qc5 31. Qf5 Rd6 32. Re2 Rad8 33. Red2 Kf7 34. Qe4 g6 35. Kg2 Re8 $2 (35... Kg7 36. g4 Qa7) 36. Rc2 Qb6 37. Rdc1 {[%emt 0:01:03] and Rc7+ should not be overlooked} f5 38. Rc7+ Kg8 39. Qa4 Red8 40. R1c6 1-0

[Event "73rd Greek Championship 2024"]
[Site "Thessaloniki"]
[Date "2024.12.03"]
[Round "2.2"]
[White "Kolytas, Spiridon"]
[Black "Tsaknakis, Zisis"]
[Result "1/2-1/2"]
[Annotator "RC"]
[ECO "E61"]
[WhiteElo "1946"]
[BlackElo "2259"]
[PlyCount "108"]
[EventDate "2024.12.02"]
[EventType "tourn"]
[EventCountry "GRE"]
[SourceTitle "playchess.com"]
[Source "ChessBase"]
[SourceQuality "1"]
[TimeControl "40/5400+30:1800+30"]

1. d4 Nf6 2. c4 g6 3. Nc3 Bg7 4. Nf3 d6 5. Bg5 h6 6. Bh4 g5 7. Bg3 Nh5 8. e3 Nxg3 9. hxg3 c5 10. Be2 g4 11. Nh4 cxd4 12. exd4 Nc6 13. Bxg4 Nxd4 14. O-O O-O 15. Rc1 Bxg4 16. Qxg4 e6 17. Rfd1 f5 18. Qg6 Qg5 19. Qxg5 hxg5 20. Nf3 Nxf3+ 21. gxf3 Rad8 22. b3 Be5 23. Rd2 Kf7 24. Ne2 Ke7 25. Rcd1 f4 26. Kg2 Rc8 27. a4 Rh8 28. Rd3 Rh7 29. Rh1 Rxh1 30. Kxh1 d5 31. cxd5 Rc2 32. gxf4 gxf4 33. Nd4 Bxd4 34. Rxd4 e5 35. d6+ Kd7 36. Rd5 Rxf2 37. Rd3 Rc2 38. Rd5 Rf2 39. Rd3 Rc2 40. Rd5 Rc3 41. Kg2 Rxb3 42. Rxe5 Kxd6 43. Re4 a5 44. Rxf4 Rb4 45. Rg4 b5 46. axb5 Kc5 47. Kf2 Kxb5 48. Ke3 Rc4 49. Kd3 Rc6 50. Rg8 a4 51. Rb8+ Ka5 52. Ra8+ Kb4 53. Rb8+ Ka5 54. Ra8+ Kb4 1/2-1/2

[Event "73rd Greek Championship 2024"]
[Site "Thessaloniki"]
[Date "2024.12.03"]
[Round "2.3"]
[White "Hadzimanolis, Antonios"]
[Black "Alexakis, Dimitris"]
[Result "1/2-1/2"]
[Annotator "TA"]
[ECO "E16"]
[WhiteElo "2159"]
[BlackElo "2520"]
[PlyCount "119"]
[EventDate "2024.12.02"]
[EventType "tourn"]
[EventCountry "GRE"]
[SourceTitle "playchess.com"]
[Source "ChessBase"]
[SourceQuality "1"]
[TimeControl "40/5400+30:1800+30"]

1. d4 Nf6 2. c4 e6 3. Nf3 Bb4+ 4. Nbd2 d5 5. a3 Be7 6. Qc2 O-O 7. g3 b6 8. Bg2 Bb7 9. O-O c5 10. dxc5 bxc5 11. cxd5 {[%emt 0:00:00] E16: Queen's Indian: 4 g3 Bb7 5 Bg2 Bb4+.} exd5 12. b3 a5 13. Bb2 a4 14. Rfd1 Nbd7 15. e4 $146 ({Predecessor:} 15. Ne5 Nb6 16. Ne4 axb3 17. Qxb3 Nxe4 18. Bxe4 Qc7 19. Bg2 Bd6 20. Ng4 Bc6 21. Qf3 {0-1 Suez Panama,G (2078)-Villar Reymundo,J (2237) Gibraltar Challengers op-A 2019 (1)}) 15... axb3 (15... Nxe4 $2 16. Nxe4 axb3 (16... dxe4 $2 17. Ne5 $18) 17. Qxb3 $18) 16. Qxb3 Bc6 (16... dxe4 {is more complex.} 17. Ne5 Nxe5 18. Nxe4 Qb8) 17. exd5 Bxd5 (17... Ba4 $5 18. Qd3 Bxd1 19. Rxd1 Ng4 $16) 18. Qc2 Qa5 19. a4 Qa6 20. Nh4 Bxg2 21. Kxg2 Rfb8 22. Ndf3 Bf8 23. Nf5 g6 24. Ne3 Qc6 25. Nc4 Rb4 26. a5 Bg7 27. Ba3 (27. Rac1 $14) 27... Rxc4 $1 $15 28. Qxc4 Qxf3+ $1 (28... Rxa5 29. Bb2 Rxa1 30. Bxa1 $11) 29. Kxf3 Ne5+ (29... Rxa5 $2 30. Bb2 Rxa1 31. Rxa1 $18 (31. Bxa1 Nf8 $18)) 30. Kg2 Nxc4 31. Bxc5 Ne4 (31... Rxa5 $2 {too greedy.} 32. Rd8+ $18) (31... Nxa5 $2 32. Ra4 $18) 32. Bd4 Rxa5 (32... Nxa5 $2 {loses.} 33. Bxg7 Kxg7 34. Rd5 $18) 33. Rac1 Ra4 34. Bxg7 Kxg7 35. Rd4 Nb6 ({Better is} 35... Ned6 $15) 36. Rxa4 $11 Nxa4 37. Rc4 Nec5 38. Kf3 Kf6 39. Ke3 Ke5 40. f4+ Kd5 41. Rd4+ Ke6 42. Rc4 Kd6 43. Rd4+ Kc7 44. f5 $1 g5 45. h4 h6 46. Kf3 Nb6 47. Kg4 gxh4 48. Kxh4 Nc8 49. f6 Nd6 50. Kh5 Nce4 51. g4 Kd7 52. Kxh6 Ke6 53. Rd1 Nxf6 54. Kg7 Nfe4 55. Re1 f6 56. Kg6 Ke5 57. Rf1 Nc8 58. g5 fxg5 59. Rf5+ Ke6 60. Rxg5 1/2-1/2

[Event "73rd Greek Championship 2024"]
[Site "Thessaloniki"]
[Date "2024.12.03"]
[Round "2.4"]
[White "Kalogridis, Antonios"]
[Black "Kourkoulos-Arditis, Stamatis"]
[Result "1-0"]
[Annotator "TA"]
[ECO "E94"]
[WhiteElo "2333"]
[BlackElo "2575"]
[PlyCount "119"]
[EventDate "2024.12.02"]
[EventType "tourn"]
[EventCountry "GRE"]
[SourceTitle "playchess.com"]
[Source "ChessBase"]
[SourceQuality "1"]
[TimeControl "40/5400+30:1800+30"]

1. d4 Nf6 2. c4 g6 3. Nc3 Bg7 4. e4 d6 5. Be2 O-O 6. Nf3 Na6 7. O-O e5 8. Be3 Qe8 {[%emt 0:00:45] 8...Qe7 is becoming the main line.} 9. dxe5 dxe5 10. Qc2 {[%emt 0:01:53] E94: King's Indian: Classical: 6 Be2 e5 7 0-0: Various Black 7th moves.} Ng4 11. Bd2 c6 12. h3 Nf6 13. Be3 Nd7 $146 ({Predecessor:} 13... Qe7 14. Rad1 Nh5 15. Qd2 {½-½ Offenborn,H (2330)-Stolz,P (2328) GER Pyramid email 2005}) 14. a3 Ndc5 15. b4 Ne6 16. Rad1 f5 17. c5 f4 18. Bc1 Nac7 19. Bc4 Kh8 20. Bb2 Qe7 21. Nb1 Ng5 22. Nbd2 Nxh3+ 23. gxh3 Bxh3 24. Rfe1 $1 g5 25. Qc3 Rae8 26. Nh2 $2 (26. Nh4 $18 f3 27. Nhxf3 (27. Nf5 Bxf5 28. exf5 g4 $18)) 26... Bc8 $2 (26... g4 $15 {stays ahead.}) 27. f3 (27. Be2 $1 $16 {[%cal Re2g4] aiming for Bg4.} g4 28. Bxg4 Bxg4 29. Nxg4) 27... h5 $14 28. Kf2 Rf6 (28... g4 $2 29. Nxg4 Bxg4 (29... Qh4+ $2 30. Ke2 $18) 30. Rh1 $18 (30. fxg4 Qh4+ 31. Ke2 f3+ 32. Nxf3 Qxg4 $18)) 29. Rh1 Rh6 30. Rdg1 Nb5 31. Qc2 g4 $2 {[%emt 0:06:28] [#]} (31... Nd4 $14 32. Qc1 Qd8) 32. Nxg4 $1 $18 (32. fxg4 Qh4+ 33. Ke2 hxg4 $16) 32... hxg4 $2 (32... Rh7 33. Nh2 Rd8) 33. fxg4 $18 Be6 {[%emt 0:09:12] [#]} 34. Bxe5 (34. Rxh6+ $142 $1 Bxh6 35. Rh1 (35. Bxe5+ Kg8 $18) 35... Nxa3 36. Bxa3 (36. Rxh6+ Kg7 $18)) 34... Rxh1 $2 (34... Kg8) 35. Rxh1+ $18 Kg8 36. Bxe6+ (36. Bxf4 Rf8 37. Ke3 Rxf4 38. Kxf4 Qc7+ 39. Kg5 (39. Ke3 $2 Qg3+ 40. Ke2 Nd4+ 41. Kd1 Qxg4+ 42. Kc1 Nxc2 $19) 39... Nd4 40. Bxe6+ Nxe6+ 41. Kh4 Be5 $19) 36... Qxe6 37. Bxg7 (37. Bxf4 $2 {loses.} Rf8 38. Qc4 Rxf4+ 39. Ke3 Qxc4 40. Nxc4 Rxg4 $19) 37... Kxg7 38. Qb2+ $2 (38. Nf3 {White wants to mate with Qb2+.} Qxe4 39. Qb2+ Kg6 40. Re1 Qxf3+ 41. Kxf3 Rxe1 42. Kxf4) 38... Qe5 $18 39. Qxe5+ Rxe5 40. Kf3 Nxa3 41. Kxf4 Re8 42. Rc1 Nb5 43. Nf3 Rf8+ 44. Ke3 Rd8 (44... Re8 $142 45. Kf4 Rf8+ 46. Ke3 Re8) 45. Nh4 $18 Rh8 46. Nf5+ Kf6 47. Kf4 Nc7 48. g5+ Kg6 (48... Kf7 $142 49. Rg1 Kg6) 49. Rd1 $18 Ne6+ 50. Kg4 Rd8 51. Rh1 Nf8 52. Rh6+ Kf7 53. Rf6+ Kg8 54. Nh6+ Kg7 55. Kh5 Rd7 56. Nf5+ Kg8 57. g6 b6 58. Kh6 bxc5 59. bxc5 a5 60. g7 1-0

[Event "73rd Greek Championship 2024"]
[Site "Thessaloniki"]
[Date "2024.12.03"]
[Round "2.5"]
[White "Stamatiou, Rodolfos"]
[Black "Mitsis, Georgios"]
[Result "1-0"]
[Annotator "TA"]
[ECO "E04"]
[WhiteElo "2308"]
[BlackElo "2383"]
[PlyCount "49"]
[EventDate "2024.12.02"]
[EventType "tourn"]
[EventCountry "GRE"]
[SourceTitle "playchess.com"]
[Source "ChessBase"]
[SourceQuality "1"]
[TimeControl "40/5400+30:1800+30"]

1. d4 Nf6 2. Nf3 d5 3. c4 e6 4. g3 dxc4 5. Bg2 a6 6. O-O Nc6 7. Bg5 {[%emt 0:00:13][%mdl 1024] White has compensation.} Be7 8. e3 O-O 9. Nbd2 {[%emt 0:02:05] The position is equal.} b5 (9... e5 $11 {remains equal.}) 10. Ne5 $16 Nxe5 11. Bxf6 gxf6 12. Bxa8 Nd3 {[%emt 0:01:44] [#]} 13. b3 e5 14. Qh5 f5 {[%emt 0:08:46] Against Be4} (14... exd4 $14 15. exd4 Qxd4) 15. dxe5 c3 16. Nf3 Be6 (16... c5 $16) 17. Bc6 $18 Kg7 $2 (17... c2 {was worth a try.} 18. Nd4 Qc8 19. Nxc2 f6) 18. Rad1 c2 19. Rd2 c1=R 20. Rxc1 Nxc1 21. Rxd8 Rxd8 22. Nd4 {[%emt 0:01:58] [#] aiming for Nxe6+.} Nxa2 23. Nxe6+ fxe6 24. Be8 Kh8 25. Bg6 {[%emt 0:01:04] White took control after the opening.   Weighted Error Value: White=0.64/Black=0.96.  Mistake:       	---       	Black=4      Inaccurate:     	---       	Black=1      OK:         	White=10    	Black=6      Best:        	White=1     	Black=1} 1-0